 BcadrenCrawl: Boulder Brew version 0.03.2.1-103-g09b4e489ee (webtiles) character file.

Game seed: 7511443952070927985, levelgen mode: deterministic

144 funkygono the Firebug (level 5, -2/28 HPs) Gargoyle Fire Elementalist. Began on Mar 4, 2021. Slain by a slave (3 damage) ... led by Pikel ... on level 1 of the Dungeon. The game lasted 00:05:20 (1081 turns).

funkygono the Firebug (Gargoyle Fire Elementalist)  Turns: 1081, Time: 00:05:21

Health: -2/28      AC:  8    Str: 12    XL:     5 ^: 113
Magic:  19/19      EV: 12    Int: 16    God:
Gold:   29         SH:  0    Dex: 10    Spells: 7/10 levels left

rFire    . . .     Vision   .   (no weapon)
rCold    . . .     Gourm    .   m - +0 mace
rNeg     + . .     Faith    .   a - +0 robe
rPois    ∞         Spirit   .   (no helmet)
rElec    +         Reflect  .   (no cloak)
rCorr    .         Harm     .   d - +1 pair of gloves
MR       .....                  (no boots)
Stlth    ++........             (no amulet)
HPRegen  0.19/turn              i - ring of magical power
MPRegen  0.29/turn              (no ring)

@: no status effects
A: negative energy resistance 1, electricity resistance, unbreathing,
petrification resistance, rot immunity, AC +4
a: no special abilities


You were on level 1 of the Dungeon.
You were not hungry.

You visited 1 branch of the dungeon, and saw 2 of its levels.

You collected 29 gold pieces.

Inventory:

Weapons
 m - a +0 mace (weapon)
Armour
 a - a +0 robe (worn)
 d - a +1 pair of gloves (worn)
Jewellery
 i - a ring of magical power (left hand)
Scrolls
 g - a scroll of enchantment
 h - a scroll of teleportation
Potions
 f - a potion of curing
 j - a potion of berserk rage
 k - a potion of cure mutation
 l - a potion of might
Comestibles
 b - 5 chunks of flesh
 c - 4 rations


   Skills:
 + Level 0.3 Maces & Staves
 + Level 1.7 Dodging
 + Level 2.5 Stealth
 + Level 0.7 Unarmed Combat
 + Level 3.3 Spellcasting
 + Level 4.4 Fire Magic


You had 7 spell levels left.
You knew the following spells:

 Your Spells              Type           Power        Failure   Level  Hunger
a - Foxfire               Fire           16 (25)      3%          1    None
b - Searing Ray           Fire           16 (50)      4%          2    ##.....

Your spell library contained the following spells:

 Spells                   Type           Power        Failure   Level  Hunger
 Conjure Flame            Fire           16 (100)     9%          3    ###....
 Inner Flame              Hex/Fire       9 (100)      22%         3    ###....
 Sticky Flame             Fire/Pois      9 (100)      58%         4    ####...
 Fireball                 Fire           16 (200)     63%         5    ######.


Dungeon Overview and Level Annotations

Branches:
Dungeon (2/8)

Altars:

Annotations:
D:2 Pikel


Innate Abilities, Weirdness & Mutations

You are resistant to torment.
Your stone body is resilient. (AC +4)
You are immune to poison.
You resist negative energy. (rN+)
You are resistant to electric shocks. (rElec)
You can survive without breathing.
You are immune to petrification.
You are immune to rotting.


Message History

The cinder newt is severely wounded. (4/11) HP The cinder newt closely misses you (0).
The slave is engulfed in a cloud of scalding steam (2).
The cinder newt barely misses you (0).
You hit the cinder newt (4). You barely miss the cinder newt.
The cinder newt is almost dead. (1/11) HP The slave is engulfed in a cloud of scalding steam (2).
The cinder newt closely misses you (0).
You closely miss the cinder newt. x2; The cinder newt closely misses you (0).
You closely miss the cinder newt. You hit the cinder newt (5).
You kill the cinder newt!
The slave is engulfed in a cloud of scalding steam (7)!
You barely miss the slave. You hit the slave (4).
The slave is severely wounded. (6/26) HP The slave hits you (9)!
* * * LOW HITPOINT WARNING * * *
You hit the slave but do no damage. You barely miss the slave.
The slave is severely wounded. (6/26) HP The slave hits you (3).
You die...

#.#................
#......###.........
##.##.## #.#.......
#.##.####.##.....#
#.##......###...##
#....###### ##'##
####.# #.#
#####≈##### #.###
#.@p≈>≈.≈.# ##....
#.###.###># ##...#.
#.# #.# #.###......
#.# #.###..........
#.# #.....####.....
#.# #####.# #.....
#.# #.# #.....
#.#######.# ##.)..
#.........# #....


You could see a slave.

Vanquished Creatures
  A jelly (D:2)
  2 giant cockroaches (D:1)
  2 gnolls (D:1)
  4 cinder newts (D:1)
  An ooze (D:1)
  A leopard gecko (D:1)
  2 bats (D:1)
  7 goblins (D:1)
  4 hobgoblins (D:1)
  8 kobolds (D:1)
  2 rats (D:1)
34 creatures vanquished.

Vanquished Creatures (others)
  81 foxfires
  A withered plant (D:2)
82 creatures vanquished.

Grand Total: 116 creatures vanquished

Notes
Turn   | Place    | Note
-------+----------+-------------------------------------------
     0 | D:1      | funkygono the Gargoyle Fire Elementalist began the quest
                  | for the Orb.
     0 | D:1      | Reached XP level 1. HP: 10/10 MP: 3/3
    32 | D:1      | Reached XP level 2. HP: 14/15 MP: 0/5
   290 | D:1      | Reached XP level 3. HP: 19/19 MP: 2/6
   643 | D:1      | Learned a level 2 spell: Searing Ray
   656 | D:1      | Reached XP level 4. HP: 24/24 MP: 2/8
   707 | D:1      | Reached skill level 4 in Fire Magic
  1063 | D:2      | Reached XP level 5. HP: 17/28 MP: 9/9
  1068 | D:2      | Noticed Pikel
  1080 | D:1      | HP: 1/28 [slave[Pikel] (9)]
  1081 | D:1      | Slain by a slave

Levels and vault maps discovered:
D:1:      psy_arrival_terrarium, layout_loops_corners, minmay_tall_x
D:2:      layout_sewer, first_ration, uniq_terence, uniq_pikel

Skill      XL: |  1  2  3  4 |
---------------+-------------+-----
Fire Magic     | 4 |  4.4
Spellcasting   | 3 |  3.3
Maces & Staves | |  0.3
Dodging        | |  1.7
Stealth        | |  2.5
Unarmed Combat | |  0.7

Action                   |  1- 3 |  4- 6 || total
-------------------------+-------+-------++-------
Melee: Unarmed           |    26 |    18 ||    44
       Club              |    13 |     8 ||    21
       Mace              |       |    11 ||    11
 Cast: Foxfire           |    39 |    16 ||    55
  Use: Scroll            |       |     1 ||     1
 Stab: Sleeping          |       |     1 ||     1
  Eat: Chunk             |       |     1 ||     1
Armor: Robe              |     4 |     7 ||    11
Dodge: Dodged            |    13 |    13 ||    26
